 Dungeon Crawl Stone Soup version 0.30-a0-122-g2a1322497e (webtiles) character file.

Game seed: 15464731039218531180

115 pokeman the Magician (level 4, -5/25 HPs)
             Began as a Deep Elf Hedge Wizard on Sept 15, 2022.
             Slain by Grinder (7 damage)
             ... on level 3 of the Dungeon.
             The game lasted 00:05:20 (2713 turns).

pokeman the Magician (Deep Elf Hedge Wizard)        Turns: 2713, Time: 00:05:21

Health: -5/25      AC:  4    Str:  7    XL:     4   Next: 68%
Magic:  2/13       EV: 12    Int: 21    God:
Gold:   128        SH:  0    Dex: 14    Spells: 4/14 levels left

rFire   . . .      SeeInvis .    r - +0 dagger (elec)
rCold   . . .      Faith    .    (no shield)
rNeg    . . .      Spirit   .    j - +0 leather armour
rPois   .          Reflect  .    c - +0 hat
rElec   .          Harm     .    (no cloak)
rCorr   .          Rampage  .    (no gloves)
Will    .....                    o - +0 pair of boots
Stlth   ++........               (no amulet)
HPRegen 0.08/turn                a - ring of flight
MPRegen 0.13/turn                (no ring)

@: flying
A: no striking features
a: no special abilities


You were on level 3 of the Dungeon.
You visited 1 branch of the dungeon, and saw 3 of its levels.

You collected 128 gold pieces.

Inventory:

Hand Weapons
 h - a +0 sling
 r - a +0 dagger of electrocution (weapon)
Armour
 c - a +0 hat (worn)
 j - a +0 leather armour (worn)
 o - a +0 pair of boots (worn)
Jewellery
 a - a ring of flight (left hand)
Wands
 i - a wand of polymorph (10)
Scrolls
 f - a scroll of acquirement {unknown}
 g - a scroll of blinking {unknown}
 l - a scroll of brand weapon {unknown}
 m - a scroll of amnesia {unknown}
 p - a scroll of fear {unknown}
Potions
 b - a potion of might {unknown}
 d - 2 potions of magic
 e - a potion of mutation {unknown}
 k - a potion of brilliance {unknown}
 n - a potion of berserk rage {unknown}
 q - a potion of resistance {unknown}


   Skills:
 - Level 1.0 Fighting
 - Level 1.0 Armour
 + Level 2.9 Dodging
 + Level 2.9 Stealth
 * Level 5.8 Spellcasting
 + Level 2.3 Conjurations
 - Level 1.1 Summonings
 - Level 1.1 Translocations


You had 4 spell levels left.
You knew the following spells:

 Your Spells              Type           Power      Damage    Failure   Level
a - Magic Dart            Conj           64%        1d6       5%          1
b - Mephitic Cloud        Conj/Pois/Air  9%         N/A       30%         3
c - Call Imp              Summ           10%        N/A       14%         2
d - Blink                 Tloc           20%        N/A       14%         2
e - Cigotuvi's Dreadful   Necr/Pois/Air  12%        N/A       22%         2

Your spell library contained the following spells:

 Spells                   Type           Power      Damage    Failure   Level
 Slow                     Hex            24%        N/A       14%         1
 Ensorcelled Hibernation  Hex/Ice        12%        N/A       22%         2
 Passwall                 Tmut/Erth      5%         N/A       22%         2
 Swiftness                Air            6%         N/A       41%         3


Dungeon Overview and Level Annotations

Branches:
Dungeon (3/15)

Altars:

Annotations:
D:3 Grinder


Message History

Your crimson imp barely misses Grinder.
Unknown command.
Casting: Magic Dart (safe; 5% risk of failure)
Confirm with . or Enter, or press ? or * to list all spells.
Aiming: Magic Dart (safe; 5% risk of failure)
Press: ? - help, Shift-Dir - straight line, f/p - Grinder
Aim: Grinder (almost dead, ally target, 100% to hit)
The magic dart hits Grinder but does no damage.
Grinder is almost dead.
Unknown command.
You closely miss Grinder.
Grinder is almost dead.
Grinder hits you.
Your crimson imp barely misses Grinder.
You hit Grinder but do no damage.
Grinder is almost dead.
Grinder hits you.
You writhe in agony.
Your crimson imp completely misses Grinder.
You hit Grinder but do no damage.
Grinder is almost dead.
Grinder hits you.
You writhe in agony.
* * * LOW HITPOINT WARNING * * *
Your crimson imp hits Grinder.
Your crimson imp hits Grinder.
You hit Grinder.
Grinder is almost dead.
Grinder hits you but does no damage.
Your crimson imp closely misses Grinder.
Grinder gestures at you. Pain shoots through your body!
* * * LOW HITPOINT WARNING * * *
Your crimson imp hits Grinder.
Grinder gestures at you.
You suddenly lose the ability to move!
Grinder blinks!
Your crimson imp blinks!
You can move again.
Your crimson imp disappears in a puff of smoke!
Grinder blinks!
Grinder attacks as you move away! Grinder hits you!
You die...

..........# #.#.#
..........#########.#.###########
...................>#..>.........
.......)..#########.#############
..........#########.#### ########
##########......†......# #<......
#.............# ########
#......5......# #.....#
#.§....@......# #....)#
#.............# #.....#
#.......[.....# #.....#
###..########## #.....# #.##
#.....# ###.####### #.....#
#..5......# #.....###.........#
##.....^...........#


You could see Grinder.

Vanquished Creatures
  An orc wizard (D:3)
  3 adders
  A worm (D:2)
  3 dart slugs (D:1)
  6 orcs (D:3)
  4 ball pythons
  8 endoplasms
  A giant cockroach (D:3)
  5 goblins
  3 hobgoblins
  A quokka (D:3)
  4 bats
  3 kobolds
  3 rats
46 creatures vanquished.

Notes
Turn   | Place    | Note
-------+----------+-------------------------------------------
     0 | D:1      | pokeman the Deep Elf Hedge Wizard began the quest for the
                  | Orb.
     0 | D:1      | Reached XP level 1. HP: 10/10 MP: 7/7
   419 | D:1      | Reached XP level 2. HP: 16/16 MP: 3/9
   890 | D:1      | Reached skill level 5 in Spellcasting
  1430 | D:2      | Reached XP level 3. HP: 20/20 MP: 6/11
  1434 | D:2      | Learned a level 3 spell: Mephitic Cloud
  1437 | D:2      | Learned a level 2 spell: Call Imp
  1440 | D:2      | Learned a level 2 spell: Blink
  1443 | D:2      | Learned a level 2 spell: Cigotuvi's Dreadful Rot
  2005 | D:3      | Reached skill level 1 in Fighting
  2092 | D:3      | Reached skill level 1 in Armour
  2102 | D:3      | Reached XP level 4. HP: 23/25 MP: 9/13
  2658 | D:3      | Noticed Grinder
  2672 | D:3      | Paralysed by Grinder for 3 turns
  2679 | D:3      | Paralysed by Grinder for 4 turns
  2707 | D:3      | Paralysed by Grinder for 4 turns
  2713 | D:3      | Slain by Grinder

Illustrated notes

Levels and vault maps discovered:
D:1:      lightli_arrival_quake, layout_rooms
D:2:      layout_loops_cross
D:3:      layout_basic, minmay_fractal_squares_diagonal_5, uniq_grinder

Skill      XL: |  1  2  3 |
---------------+----------+-----
Spellcasting   | 5 |  5.8
Fighting       | 1 |  1.0
Armour         | 1 |  1.0
Conjurations   | 2 |  2.3
Dodging        | |  2.9
Stealth        | |  2.9
Summonings     | |  1.1
Translocations | |  1.1

Action                   |  1- 3 |  4- 6 || total
-------------------------+-------+-------++-------
Melee: Dagger            |     1 |    10 ||    11
       Punch             |     1 |       ||     1
 Fire: Sling             |    33 |    18 ||    51
 Cast: Magic Dart        |    80 |    40 ||   120
       Mephitic Cloud    |     1 |     1 ||     2
       Call Imp          |       |     2 ||     2
Armor: Robe              |     1 |       ||     1
       Leather armour    |     4 |     5 ||     9
Dodge: Dodged            |    12 |    14 ||    26

Table legend: (Time is in decaauts)
 A = Elapsed time spent in this place.
 B = Non-inter-level travel time spent in this place.
 C = Inter-level travel time spent in this place.
 D = Time resting spent in this place.
 E = Time spent auto-exploring this place.
 F = Levels seen in this place.
 G = Mean time per level.
                   A        B        C        D        E       F      G
               +--------+--------+--------+--------+--------+-----+--------+
         Total |   2734 |   2671 |     63 |    225 |   1990 |   3 |  911.3 |
       Dungeon |   2734 |   2671 |     63 |    225 |   1990 |   3 |  911.3 |
               +--------+--------+--------+--------+--------+-----+--------+

Top non-repeatable levels by time:
     D:1: 1181 daAuts
     D:2: 823 daAuts
     D:3: 728 daAuts
